 Dungeon Crawl Stone Soup version 0.28.0 (webtiles) character file.

Game seed: 2498605685693054223

2243 ReploidZero the Quickloader (level 9, -4/81 HPs)
             Began as a Formicid Hunter on Feb 15, 2022.
             Was a Believer of Okawaru.
             Slain by a sun demon (14 damage)
             ... summoned by a kobold demonologist
             ... on level 6 of the Dungeon.
             The game lasted 00:25:32 (8800 turns).

ReploidZero the Quickloader (Formicid Hunter)       Turns: 8800, Time: 00:25:33

Health: -4/81      AC: 10    Str: 20      XL:     9   Next: 63%
Magic:  9/9        EV:  8    Int: 14      God:    Okawaru [**....]
Gold:   129        SH:  0    Dex:  9 (11) Spells: 8/8 levels left

rFire   . . .      SeeInvis +   b - +0 short sword (flame)
rCold   . . .      Faith    .   (no shield)
rNeg    . . .      Spirit   .   f - +0 chain mail
rPois   .          Reflect  .   (helmet unavailable)
rElec   .          Harm     .   (no cloak)
rCorr   .          Rampage  .   (no gloves)
Will    .....      Clarity  +   (no boots)
Stlth   ..........              (no amulet)
HPRegen 0.23/turn               (no ring)
MPRegen 0.11/turn               (no ring)

@: no status effects
A: permanent stasis, dig shafts and tunnels, antennae 3, four strong arms,
clarity, clever 1, deterioration 1, robust 1
a: Dig, Shaft Self, Renounce Religion, Heroism


You were on level 6 of the Dungeon.
You worshipped Okawaru.
Okawaru was pleased with you.
You visited 2 branches of the dungeon, and saw 7 of its levels.

You collected 129 gold pieces.

Inventory:

Hand Weapons
 a - a +1 hand crossbow
 b - a +0 short sword of flaming (weapon)
Missiles
 d - 20 bolts
 r - a throwing net (quivered)
Armour
 f - a +0 chain mail (worn)
 s - a +0 scale mail
Wands
 e - a wand of digging (3)
 h - a wand of acid (2)
 l - a wand of charming (8)
 o - a wand of flame (27)
Scrolls
 n - a scroll of amnesia
Potions
 c - a potion of flight {unknown}
 g - 2 potions of curing
 i - a potion of brilliance
 j - a potion of lignification {unknown}
 k - a potion of might
 m - 2 potions of heal wounds {unknown}
 p - a potion of degeneration {unknown}


   Skills:
 + Level 8.0 Fighting
 + Level 8.1 Crossbows
 + Level 7.4 Armour
 - Level 2.1 Dodging
 - Level 1.2 Stealth


You had 8 spell levels left.
You didn't know any spells.
Your spell library contained the following spells:

 Spells                   Type           Power      Damage    Failure   Level
 Beastly Appendage        Tmut           0%         N/A       93%         1
 Corpse Rot               Necr/Air       0%         N/A       98%         2
 Poisonous Vapours        Pois/Air       0%         N/A       98%         2
 Wereblood                Tmut           0%         N/A       98%         2
 Spider Form              Tmut/Pois      0%         N/A       100%        3


Dungeon Overview and Level Annotations

Branches:
Dungeon (6/15)             Temple (1/1) D:4

Altars:
Ashenzari
Cheibriados
Fedhas
Gozag
Hepliaklqana
Kikubaaqudgha
Makhleb
Nemelex Xobeh
Okawaru
Qazlal
Ru
Uskayaw
Vehumet
Wu Jian
Yredelemnul
The Shining One

Annotations:
D:5 zeram's ghost, novice GrFi


Innate Abilities, Weirdness & Mutations

You cannot be hasted, slowed, berserked, paralysed or teleported.
You can dig through walls and to a lower floor.
You have a pair of large antennae on your head. (SInv)
Your four strong arms can wield two-handed weapons with a shield.
You possess an exceptional clarity of mind.
Your mind is acute. (Int +2)
Your body sometimes deteriorates upon taking damage.
You are robust. (+10% HP)


Message History

The kobold shouts!
The jelly struggles against the net.
The kobold demonologist gestures wildly while chanting.
The kobold misses you.
You hit the jelly. You burn the jelly.
Your hands burn!
The jelly is moderately wounded.
The jelly struggles against the net.
The kobold barely misses you.
The kobold demonologist mumbles some strange words.
The jelly struggles against the net.
You completely miss the jelly.
The jelly is moderately wounded.
The kobold demonologist looks satisfied for a moment.
A kobold brigand comes into view.
It is wielding a +0 dagger and quivering poisoned darts.
The jelly struggles against the net.
The net rips apart, and the jelly comes free!
The kobold unwields a +0 short sword.
The kobold wields a +0 hand crossbow.
The kobold shoots a bolt.
The bolt hits you but does no damage.
The ynoxinul gestures.
The ynoxinul gestures.
The jelly completely misses you. The sun demon hits you!!
You are engulfed in flames!
The kobold demonologist gestures wildly while chanting.
The sun demon hits you!
* * * LOW HITPOINT WARNING * * *
You are engulfed in flames!
* * * LOW HITPOINT WARNING * * *
An orc comes into view. It is wielding a +0 club.
The orc shouts!
You hear a shout!
An orc comes into view. It is wielding a +0 flail.
The sun demon hits you but does no damage.
The jelly jiggles.
An orc comes into view. It is wielding a +0 spear.
The kobold demonologist gestures wildly while chanting.
The orc hits you with a +0 club.
* * * LOW HITPOINT WARNING * * *
The orc shouts!
The ufetubus disappears in a puff of smoke!
The sun demon hits you but does no damage.
The sun demon hits you!
You die...

##### ##
##...##.#
#.......#
#.......#
#...@3o.#
##...Jo.# ..
#...5..#
...#..KK5.#####
...#..K...o....
...'..5........
..##....K.##...
. #......# ...
##......# ..


You could see a sun demon (summoned), a kobold demonologist, a kobold brigand, a
jelly, an iron imp (summoned), 2 crimson imps, 3 orcs and 2 kobolds.

Vanquished Creatures
  6 yaks
  Eustachio (D:4)
  Menkaure (D:5)
  The ghost of enile the Magician, an amateur DjFE of Okawaru (D:3)
  Duvessa (D:5)
  A sky beast (D:5)
  An ogre (D:5)
  A phantom (D:5)
  A gnoll sergeant (D:4)
  A water moccasin zombie (D:5)
  2 scorpions (D:5)
  Dowan (D:5)
  A water moccasin skeleton (D:4)
  A bullfrog zombie (D:6)
  2 jellies (D:5)
  2 iguanas
  A hound skeleton (D:5)
  8 gnolls
  7 adders
  4 worms
  6 dart slugs
  2 orcs
  5 endoplasms
  3 hobgoblins
  2 quokkas
  4 ball pythons
  4 bats
  6 frilled lizards
  8 goblins
  4 kobolds
  4 rats
92 creatures vanquished.

Notes
Turn   | Place    | Note
-------+----------+-------------------------------------------
     0 | D:1      | ReploidZero the Formicid Hunter began the quest for the
                  | Orb.
     0 | D:1      | Reached XP level 1. HP: 16/16 MP: 1/1
   293 | D:1      | Reached XP level 2. HP: 21/23 MP: 2/2
  1321 | D:2      | Noticed a scorpion
  1347 | D:2      | Reached XP level 3. HP: 28/28 MP: 3/3
  1953 | D:2      | Reached skill level 1 in Armour
  1968 | D:2      | Found a faded altar of an unknown god.
  2362 | D:3      | Reached XP level 4. HP: 5/35 MP: 4/4
  2716 | D:3      | Found a basalt altar of Yredelemnul.
  2746 | D:3      | Found a glowing golden altar of the Shining One.
  2748 | D:3      | Noticed an angel
  3207 | D:3      | Found a runed translucent door.
  3207 | D:3      | Noticed enile's ghost (amateur DjFE)
  3655 | D:3      | Killed enile's ghost
  3656 | D:3      | Reached skill level 5 in Crossbows
  3656 | D:3      | Reached XP level 5. HP: 23/42 MP: 5/5
  3656 | D:3      | Reached XP level 6. HP: 27/48 MP: 6/6
  3675 | D:3      | Gained mutation: Your mind is acute. (Int +2) [potion of
                  | mutation]
  3675 | D:3      | Gained mutation: You are robust. (+10% HP) [potion of
                  | mutation]
  3675 | D:3      | Gained mutation: Your body sometimes deteriorates upon
                  | taking damage. [potion of mutation]
  3675 | D:3      | Gained mutation: You possess an exceptional clarity of
                  | mind. [potion of mutation]
  4500 | D:4      | Found a snail-covered altar of Cheibriados.
  4503 | D:4      | Found a hazy altar of Hepliaklqana.
  4745 | D:4      | Noticed Eustachio
  4755 | D:4      | Killed Eustachio
  4756 | D:4      | Reached skill level 5 in Fighting
  4756 | D:4      | Reached XP level 7. HP: 37/61 MP: 7/7
  4966 | D:4      | Found a staircase to the Ecumenical Temple.
  5024 | D:4      | Found a sacrificial altar of Ru.
  5174 | Temple   | Entered the Ecumenical Temple
  5420 | Temple   | Became a worshipper of Warmaster Okawaru
  5485 | D:5      | Entered Level 5 of the Dungeon
  5570 | D:5      | Identified the +1 leather armour "Aroack" {Harm Str+3}
  5625 | D:5      | Found a sparkling altar of Nemelex Xobeh.
  5627 | D:5      | Found an ornate altar of the Wu Jian Council.
  5627 | D:5      | Noticed Dowan
  5628 | D:5      | Noticed Duvessa
  5641 | D:5      | Killed Duvessa
  5642 | D:5      | Killed Dowan
  6050 | D:4      | Reached XP level 8. HP: 47/69 MP: 8/8
  6531 | D:5      | Reached skill level 5 in Armour
  6622 | D:5      | Noticed Menkaure
  6630 | D:5      | Killed Menkaure
  7106 | D:5      | Reached * piety under Okawaru
  7113 | D:5      | Found a large runed translucent door.
  7113 | D:5      | Found a large runed translucent door.
  7150 | D:5      | Noticed zeram's ghost (novice GrFi)
  7202 | D:6      | Noticed a yak
  7202 | D:6      | Noticed a yak
  7202 | D:6      | Noticed a yak
  7202 | D:6      | Noticed a yak
  7202 | D:6      | Noticed a yak
  7202 | D:6      | Noticed a yak
  7230 | D:5      | Killed a yak
  7342 | D:4      | Killed a yak
  7343 | D:4      | Reached XP level 9. HP: 49/79 MP: 9/9
  7654 | D:5      | Reached ** piety under Okawaru
  8779 | D:6      | Noticed a kobold demonologist
  8781 | D:6      | Noticed a sun demon
  8787 | D:6      | Noticed an ice devil
  8800 | D:6      | Slain by a sun demon

Illustrated notes

Levels and vault maps discovered:
D:1:      erik_arrival_blinker_ship, layout_loops_ring
D:2:      layout_basic, dilly_ecumenical_altar_fadedgnrine,
          lightli_corner_chamber
D:3:      layout_loops_corners, grunt_temple_overflow_holy_war,
          hellmonk_ghost_happy_afterlife, kennysheep_generic_room_10
D:4:      wad_pebble_path, layout_cave_pools, nicolae_overflow_squiral,
          mainiacjoe_overflow_alcove_4, temple_pool_b, hex_medium,
          minmay_statues_item, uniq_eustachio
D:5:      layout_loops_ring, grunt_temple_overflow_open,
          ebering_ghost_disaster_area, uniq_menkaure, uniq_duvessa
D:6:      layout_gridville
Temple:   jpeg_temple_island

Skill      XL: |  1  2  3  4  5  6  7  8  9 |
---------------+----------------------------+-----
Dodging        | 2 |  2.1
Armour         | 1 2 4 6 7 |  7.4
Fighting       | 3 4 5 7 8 |  8.0
Crossbows      | 5 6 7 8 |  8.1
Stealth        | |  1.2

Action                   |  1- 3 |  4- 6 |  7- 9 || total
-------------------------+-------+-------+-------++-------
Melee: Short sword       |   109 |    32 |    28 ||   169
       Punch             |     2 |     1 |       ||     3
 Fire: Hand crossbow     |    11 |    69 |   146 ||   226
Throw: Throwing net      |       |       |     1 ||     1
Invok: Heroism           |       |       |     1 ||     1
 Abil: Dig               |       |     2 |       ||     2
Evoke: Wand              |       |       |     4 ||     4
  Use: Potion            |       |     2 |     3 ||     5
       Scroll            |       |     4 |     3 ||     7
 Stab: Sleeping          |     3 |     1 |       ||     4
Armor: Leather armour    |    31 |     9 |       ||    40
       Chain mail        |       |       |    73 ||    73
       Scale mail        |       |       |     3 ||     3
Dodge: Dodged            |    80 |    30 |    73 ||   183
